 Dungeon Crawl Stone Soup version 0.15.0-12-gccce430 (webtiles) character file.

102 Kold the Chopper (level 4, -2/33 HPs)
             Began as a Demonspawn Gladiator on Sept 1, 2014.
             Was an Initiate of Qazlal.
             Slain by an orc wizard
             ... wielding a +0 dagger of electrocution
              (15 damage)
             ... on Level 3 of the Dungeon.
             The game lasted 00:05:33 (2260 turns).

Kold the Chopper (Demonspawn Gladiator)             Turns: 2260, Time: 00:05:35

HP  -2/33        AC  4     Str 16      XL: 4   Next: 50%
MP   4/4         EV 13     Int  9      God: Qazlal [......]
Gold 184         SH  0     Dex 14      Spells:  0 memorised,  3 levels left

rFire  . . .     SeeInvis .     a - +0 war axe
rCold  . . .     Clarity  .     p - +1 robe {MR+}
rNeg   . . .     rCorr    .     (no shield)
rPois  .         rRot     .     c - +0 helmet
rElec  .         Spirit   .     (no cloak)
SustAb .         Warding  .     (no gloves)
rMut   +         Stasis   .     (no boots)
Gourm  .                        q - amulet of resist mutation
MR     +....                    (no ring)
                                (no ring)

@: somewhat resistant to hostile enchantments, very unstealthy
A: demonic guardian 1
a: Renounce Religion


You were on level 3 of the Dungeon.
You worshipped Qazlal.
Qazlal was noncommittal.
You were not hungry.

You visited 1 branch of the dungeon, and saw 3 of its levels.

You collected 184 gold pieces.

Inventory:

Hand weapons
 a - a +0 war axe (weapon)
Missiles
 d - 3 throwing nets (quivered)
Armour
 b - a +0 leather armour
 c - a +0 helmet (worn)
 p - a +1 robe of magic resistance (worn)
Comestibles
 f - 5 bread rations
 g - 2 fruits
 o - a chunk of jackal flesh
 s - a chunk of adder flesh
Scrolls
 e - a scroll of enchant armour {unknown}
 h - a scroll of remove curse {unknown}
 k - a scroll of fog {unknown}
 l - a scroll of teleportation {unknown}
 n - 2 scrolls of identify {unknown}
Jewellery
 j - an uncursed amulet of stasis
 q - an amulet of resist mutation (around neck)
Potions
 i - 2 potions of restore abilities {unknown}
 m - a potion of agility {unknown}
 r - a potion of curing {unknown}
 t - a potion of berserk rage {unknown}


   Skills:
 - Level 2.2 Fighting
 + Level 4.5 Axes
 - Level 1.7 Throwing
 - Level 0.1 Armour
 - Level 2.9 Dodging
 + Level 0.3 Invocations


You had 3 spell levels left.
You didn't know any spells.

Dungeon Overview and Level Annotations

Branches:
Dungeon (3/15)

Altars:
Qazlal


Innate Abilities, Weirdness & Mutations

A weak demonic guardian rushes to your aid.


Message History

The orc wizard points at you and mumbles some strange words.
The magic dart hits you! The orc barely misses you.
Your quasit barely misses the orc wizard.
Your quasit claws the orc wizard but does no damage.
Your quasit barely misses the orc wizard.
You hit the orc.
You kill the orc!
Qazlal accepts your kill.
You closely miss the orc wizard.
The orc wizard is moderately wounded.
The orc wizard closely misses you.
Your quasit bites the orc wizard.
Your quasit claws the orc wizard but does no damage. x2
The orc wizard closely misses you.
You slash the orc wizard!
The orc wizard is almost dead.
Your quasit bites the orc wizard but does no damage.
Your quasit barely misses the orc wizard. x2
The orc wizard hits you with a glowing dagger.
You are electrocuted!
You die...

.....(..####...
######.######## #..#
.....<......... ....#
.............. ....
###########..# ... #
#..# P.# # #..# ..# #
#### ####..##+#).#...#
...###+#.......%@o....>#
.........⌠......5)..####
...........#######..#
.#+##..###+# ..# .# #..#
.# .# #..# .# P# #..# #
.. .... ## ######


You could see an orc wizard and a friendly quasit.

Vanquished Creatures
  An adder (D:3)
  2 gnolls (D:2)
  A giant mite (D:2)
  A worm (D:2)
  2 giant geckos (D:1)
  4 orcs (D:3)
  7 bats
  3 giant cockroaches
  4 goblins
  5 hobgoblins
  5 jackals
  6 kobolds
  2 giant newts (D:2)
  5 rats
48 creatures vanquished.

Vanquished Creatures (collateral kills)
  A gnoll (D:2)
1 creature vanquished.

Vanquished Creatures (others)
  A quasit (D:2)
  A white imp (D:2)
2 creatures vanquished.

Grand Total: 51 creatures vanquished

Notes
Turn   | Place    | Note
--------------------------------------------------------------
     0 | D:1      | Kold, the Demonspawn Gladiator, began the quest for the Orb.
     0 | D:1      | Reached XP level 1. HP: 16/16 MP: 1/1
    79 | D:1      | Gained mutation: A weak demonic guardian rushes to your aid. [demonic ancestry]
    79 | D:1      | Reached XP level 2. HP: 5/22 MP: 2/2
   351 | D:1      | Reached skill level 3 in Axes
   845 | D:2      | Reached XP level 3. HP: 23/27 MP: 3/3
  1291 | D:2      | HP: 1/27 [gnoll/spear (8)]
  1306 | D:2      | HP: 1/27 [jackal (1)]
  1319 | D:2      | HP: 1/27 [jackal (1)]
  1475 | D:1      | Reached skill level 4 in Axes
  1698 | D:2      | Reached XP level 4. HP: 15/33 MP: 4/4
  2203 | D:3      | Found a stormy altar of Qazlal.
  2204 | D:3      | Noticed a water elemental
  2204 | D:3      | Noticed an air elemental
  2204 | D:3      | Noticed a fire elemental
  2209 | D:3      | Became a worshipper of Qazlal Stormbringer
  2260 | D:3      | Slain by an orc wizard

Action                   |  1- 3 |  4- 6 || total
-------------------------+-------+-------++-------
Melee: War axe           |    96 |    18 ||   114
  Eat: Chunk             |     2 |     2 ||     4
